 Dungeon Crawl Stone Soup version 0.29.0-13-gc9e81de378 (webtiles) character file.

Game seed: 15112728941041233112

4 Artool the Cudgeller (level 1, 0/16 HPs)
             Began as a Demonspawn Gladiator on Sept 8, 2022.
             Slain by a kobold
             ... wielding a +0 club
              (4 damage)
             ... on level 1 of the Dungeon.
             The game lasted 00:00:25 (117 turns).

Artool the Cudgeller (Demonspawn Gladiator)          Turns: 117, Time: 00:00:25

Health: 0/16       AC:  4    Str: 14    XL:     1   Next: 58%
Magic:  1/1        EV: 12    Int:  9    God:
Gold:   15         SH:  0    Dex: 14    Spells: 0/0 levels left

rFire   . . .      SeeInvis .   a - +0 flail
rCold   . . .      Faith    .   (no shield)
rNeg    . . .      Spirit   .   b - +0 leather armour
rPois   .          Reflect  .   c - +0 helmet
rElec   .          Harm     .   (no cloak)
rCorr   .          Rampage  .   (no gloves)
Will    .....                   (no boots)
Stlth   +.........              (no amulet)
HPRegen 0.05/turn               (no ring)
MPRegen 0.07/turn               (no ring)

@: no status effects
A: no striking features
a: no special abilities


You were on level 1 of the Dungeon.
You visited 1 branch of the dungeon, and saw 1 of its levels.

You collected 15 gold pieces.

Inventory:

Hand Weapons
 a - a +0 flail (weapon)
Missiles
 d - 3 throwing nets (quivered)
 e - a javelin
Armour
 b - a +0 leather armour (worn)
 c - a +0 helmet (worn)
Scrolls
 f - 2 scrolls of identify {unknown}
 g - a scroll of fear {unknown}


   Skills:
 + Level 2.1 Fighting
 + Level 2.7 Maces & Flails
 - Level 1.7 Throwing
 + Level 0.3 Armour
 + Level 2.7 Dodging


You couldn't memorise any spells.
You didn't know any spells.
Your spell library was empty.

Dungeon Overview and Level Annotations

Branches:
Dungeon (1/15)

Altars:


Message History

The kobold hits you with a +2 short sword of speed.
You are too injured to fight recklessly!
You are too injured to fight recklessly!
You are too injured to fight recklessly!
You are too injured to fight recklessly!
You are too injured to fight recklessly!
You are too injured to fight recklessly!
You are too injured to fight recklessly!
You are too injured to fight recklessly!
You are too injured to fight recklessly!
You are too injured to fight recklessly!
You sock the kobold!
You kill the kobold!
A goblin comes into view. It is wielding a +0 club.
Things that are here:
a +2 short sword of speed; 3 stones; 5 gold pieces You closely miss the goblin.
The goblin misses you.
You sock the goblin!
You kill the goblin!
You start resting.
A kobold comes into view. It is wielding a +0 club.
You are too injured to fight recklessly!
You are too injured to fight recklessly!
You are too injured to fight recklessly!
Things that are here:
a +0 club; a goblin corpse You barely miss the kobold.
The kobold misses you.
You closely miss the kobold. The kobold misses you.
The kobold closely misses you.
You closely miss the kobold. The kobold hits you with a +0 club.
You hit the kobold but do no damage.
A ball python comes into view.
The kobold hits you with a +0 club.
* * * LOW HITPOINT WARNING * * *
You closely miss the kobold.
The ball python hisses angrily.
The kobold barely misses you.
You hit the kobold but do no damage. The kobold hits you but does no damage.
The kobold hits you with a +0 club.
You die...

#.. .. ##.# #.# #.##
#..## ###.# #..## ##...#
###..#########....##
#...................
#####.........)....#....
.....SK@)..........#.#..
......#............#.#..
..... #...#..?######+#..
.... #...#...# .. ...
.........# ..
.........## .
#..#......# #..#......#


You could see a ball python and a kobold.

Vanquished Creatures
  2 goblins (D:1)
  2 kobolds (D:1)
  A rat (D:1)
5 creatures vanquished.

Notes
Turn   | Place    | Note
-------+----------+-------------------------------------------
     0 | D:1      | Artool the Demonspawn Gladiator began the quest for the
                  | Orb.
     0 | D:1      | Reached XP level 1. HP: 16/16 MP: 1/1
   117 | D:1      | Slain by a kobold

Illustrated notes

Levels and vault maps discovered:
D:1:      dpeg_arrival_arbitrary_a, layout_basic,
          hellmonk_ecumenical_altar_lost_god, nrook_loot_triangle,
          minmay_misc_feat_plants

Action                   || total
-------------------------++-------
Melee: Flail             ||    28
       Punch             ||     1
Armor: Leather armour    ||     5
Dodge: Dodged            ||    19
